 Dungeon Crawl Stone Soup version 0.27.0-1-g7a089689b8 (webtiles) character file.

Game seed: 3289335038522844887

1274 ZombieSheep the Ruffian (level 8, -13/80 HPs)
             Began as a Yellow Draconian Transmuter on Aug 3, 2021.
             Mangled by a troll (14 damage)
             ... on level 5 of the Dungeon.
             The game lasted 00:13:06 (5733 turns).

ZombieSheep the Ruffian (DrTm)                      Turns: 5733, Time: 00:13:07

Health: -13/80     AC:  6    Str: 13    XL:     8   Next: 28%
Magic:  7/14       EV: 11    Int: 15    God:
Gold:   123        SH:  0    Dex: 12    Spells: 7/15 levels left

rFire    x . .     SeeInvis .     - Unarmed
rCold    + + +     Faith    .   (shield currently unavailable)
rNeg     . . .     Spirit   .   (armour unavailable)
rPois    +         Reflect  .   (helmet currently unavailable)
rElec    .         Harm     .   (cloak currently unavailable)
rCorr    .         Rampage  .   (gloves currently unavailable)
Will     .....                  (boots currently unavailable)
Stlth    +.........             (no amulet)
HPRegen  0.23/turn              (no ring)
MPRegen  0.14/turn              (no ring)

@: ice-form, very slightly contaminated
A: freezing attack, amphibious, boosted hp, (spit acid), AC +6, large, unfitting
armour, (cold-blooded), (acid resistance)
a: End Transformation


You were on level 5 of the Dungeon.
You were a creature of crystalline ice.
You visited 1 branch of the dungeon, and saw 5 of its levels.

You collected 123 gold pieces.

Inventory:

Missiles
 c - 12 poisoned darts
Armour
 h - a +0 cloak (melded)
Wands
 g - a wand of acid (5)
 k - a wand of flame (19)
Scrolls
 b - a scroll of teleportation
 d - a scroll of blinking
 i - a scroll of enchant weapon
 j - 2 scrolls of identify
Potions
 a - a potion of heal wounds
 e - a potion of magic
 f - a potion of haste


   Skills:
 + Level 4.7 Fighting
 + Level 4.3 Dodging
 + Level 5.2 Unarmed Combat
 + Level 4.3 Spellcasting
 + Level 4.6 Transmutations
 - Level 2.1 Poison Magic


You had 7 spell levels left.
You knew the following spells:

 Your Spells              Type           Power      Damage    Failure   Level
a - Beastly Appendage     Tmut           34%        N/A       2%          1
b - Spider Form           Tmut/Pois      6%         N/A       13%         3
c - Ice Form              Ice/Tmut       10%        N/A       56%         4

Your spell library contained the following spells:

 Spells                   Type           Power      Damage    Failure   Level
 Wereblood                Tmut           17%        N/A       3%          2
 Animate Skeleton         Necr           6%         N/A       19%         1
 Apportation              Tloc           6%         N/A       19%         1
 Corona                   Hex            3%         N/A       19%         1
 Summon Small Mammal      Summ           12%        N/A       19%         1


Dungeon Overview and Level Annotations

Branches:
Dungeon (5/15)
 Temple: D:4-7

Altars:
Gozag
Zin

Annotations:
D:3 3 runed translucent doors, Ravenswing17's ghost, amateur TeWz


Innate Abilities, Weirdness & Mutations

You are a creature of crystalline ice.
You have a powerful freezing melee attack.
You are amphibious.
Your maximum health is increased.
Your armour is entirely melded.
You are incapable of wielding weapons or throwing items.
((You can spit globs of acid.))
((Your golden yellow scales are hard. (AC +6)))
You cannot fit into any form of body armour.
((You are cold-blooded and may be slowed by cold attacks.))
((You are resistant to acid. (rCorr)))


Message History

Confirm with . or Enter, or press ? or * to list all spells.
The spell is quite dangerous to cast (56% risk of failure)!
Continue anyway?
Okay, then.
Casting: Ice Form (quite dangerous; 56% risk of failure)
Confirm with . or Enter, or press ? or * to list all spells.
The spell is quite dangerous to cast (56% risk of failure)!
Continue anyway?
You turn into a creature of crystalline ice.
Your +0 cloak melds into your body.
You climb downwards.
The troll barely misses you. The troll claws you. The troll claws you!
There is a stone staircase leading up here.
You hit the troll but do no damage. The troll bites you but does no damage.
The troll barely misses you. The troll claws you!
You hit the troll. You freeze the troll.
The troll is lightly wounded.
The troll misses you. x2; The troll claws you!
You punch the troll! You freeze the troll.
The troll is heavily wounded.
The troll bites you! The troll claws you. The troll closely misses you.
You are too injured to fight recklessly!
You are too injured to fight recklessly!
You barely miss the troll.
The troll is heavily wounded.
The troll completely misses you. The troll misses you.
The troll barely misses you.
You hit the troll but do no damage.
The troll is heavily wounded.
The troll bites you!
* * * LOW HITPOINT WARNING * * *
The troll closely misses you. The troll claws you!
* * * LOW HITPOINT WARNING * * *
You barely miss the troll.
The troll is heavily wounded.
The troll bites you but does no damage. The troll completely misses you.
The troll claws you!
* * * LOW HITPOINT WARNING * * *
You hit the troll but do no damage.
The troll is heavily wounded.
The troll bites you!
You die...

## #. #.##
.#####..##
....T..).##
.....$##..##
!.... ##..##
.... ##[T###
... ##.Y.##
..
###..##### .
##.....#
#####.#
##W....##
#...O.r.#
#.....Z.#
.......


You could see a troll.

Vanquished Creatures
  2 yaks (D:4)
  A water moccasin (D:5)
  3 ogres
  A centaur (D:5)
  A scorpion (D:4)
  A water moccasin skeleton (D:4)
  A wight (D:5)
  A bullfrog zombie (D:5)
  3 jellies
  2 hounds (D:5)
  An orc priest (D:4)
  2 iguanas (D:4)
  2 orc wizards (D:3)
  An adder (D:2)
  A white imp (D:5)
  A worm (D:4)
  3 dart slugs
  13 orcs
  4 ball pythons
  5 bats
  4 endoplasms
  2 giant cockroaches (D:2)
  7 goblins
  6 hobgoblins
  A quokka (D:1)
  3 frilled lizards
  7 kobolds
  4 rats
83 creatures vanquished.

Notes
Turn   | Place    | Note
-------+----------+-------------------------------------------
     0 | D:1      | ZombieSheep the Draconian Transmuter began the quest for
                  | the Orb.
     0 | D:1      | Reached XP level 1. HP: 16/16 MP: 3/3
   229 | D:1      | Reached XP level 2. HP: 22/23 MP: 5/5
  1234 | D:2      | Reached XP level 3. HP: 29/29 MP: 6/6
  1310 | D:2      | Found a faded altar of an unknown god.
  1791 | D:2      | Learned a level 3 spell: Spider Form
  1826 | D:3      | Noticed Ravenswing17's ghost (amateur TeWz)
  1827 | D:3      | Found a runed translucent gate.
  1827 | D:3      | Found a runed translucent gate.
  1827 | D:3      | Found a runed translucent gate.
  1840 | D:3      | Noticed an ogre
  1855 | D:3      | Killed an ogre
  1856 | D:3      | Reached skill level 1 in Poison Magic
  1856 | D:3      | Reached XP level 4. HP: 37/37 MP: 4/7
  2052 | D:3      | Reached XP level 5. HP: 42/42 MP: 8/8
  2078 | D:3      | Found a glowing silver altar of Zin.
  2921 | D:4      | Found an opulent altar of Gozag.
  3100 | D:4      | Reached skill level 4 in Unarmed Combat
  3100 | D:4      | Reached XP level 6. HP: 47/50 MP: 10/10
  3750 | D:4      | Learned a level 4 spell: Ice Form
  4116 | D:5      | Entered Level 5 of the Dungeon
  4116 | D:5      | Noticed a yak
  4116 | D:5      | Noticed a yak
  4116 | D:5      | Noticed a yak
  4116 | D:5      | Noticed a yak
  4116 | D:5      | Noticed a yak
  4116 | D:5      | Noticed a yak
  4369 | D:4      | Killed a yak
  4370 | D:4      | Your scales start taking on a golden yellow colour.
  4370 | D:4      | Reached XP level 7. HP: 37/58 MP: 8/12
  4370 | D:4      | Gained mutation: You are resistant to acid. (rCorr) [Yellow
                  | Draconian growth]
  4378 | D:4      | Killed a yak
  4763 | D:5      | Reached skill level 5 in Unarmed Combat
  4940 | D:5      | Reached XP level 8. HP: 63/67 MP: 12/14
  4970 | D:5      | Noticed a two-headed ogre
  5714 | D:5      | Noticed a troll
  5732 | D:5      | HP: 1/80 [troll (9)]
  5733 | D:5      | Mangled by a troll

Illustrated notes

Levels and vault maps discovered:
D:1:      dpeg_arrival_court, layout_loops_ring
D:2:      layout_basic, hellmonk_ecumenical_altar_run_dry,
          nicolae_underground_beach
D:3:      layout_loops_ring, zin_statuary, ebering_ghost_rock_garden,
          kennysheep_generic_room_12
D:4:      layout_basic, mainiacjoe_overflow_paths, serial_rivers,
          chequers_serial_rivers_micro_c, chequers_serial_rivers_large_b,
          chequers_serial_rivers_micro_d, chequers_serial_rivers_micro_d,
          chequers_serial_rivers_large_a
D:5:      minmay_opposing_rooms, layout_cave_pods,
          nicolae_elyvilon_peaceful_grove, minmay_temple_entry_overgrown,
          serial_shops, shop, minmay_manual_monolith

Skill      XL: |  1  2  3  4  5  6  7 |
---------------+----------------------+-----
Dodging        | 2 3 4 |  4.3
Fighting       | 2 3 4 |  4.7
Poison Magic   | 1 2 |  2.1
Transmutations | 3 4 |  4.6
Unarmed Combat | 4 5 |  5.2
Spellcasting   | 3 4 |  4.3

Action                   |  1- 3 |  4- 6 |  7- 9 || total
-------------------------+-------+-------+-------++-------
Melee: Unarmed           |   126 |   197 |    86 ||   409
       Tailslap          |    11 |    12 |     6 ||    29
       Headbutt          |     1 |     6 |       ||     7
       Punch             |     1 |     3 |     1 ||     5
       Kick              |       |    10 |     3 ||    13
 Cast: Beastly Appendage |     2 |     6 |     2 ||    10
       Spider Form       |     1 |     7 |     6 ||    14
       Ice Form          |       |       |     2 ||     2
 Abil: End Transformatio |       |     1 |     1 ||     2
       Breathe Acid      |       |       |     1 ||     1
  Use: Scroll            |     7 |     3 |       ||    10
       Potion            |       |       |     2 ||     2
 Stab: Sleeping          |     2 |     1 |       ||     3
Armor: Skin              |    48 |    46 |    16 ||   110
Dodge: Dodged            |    83 |   102 |    81 ||   266
